 Dungeon Sprint DCSS version 0.16.2-12-gd0ad4c3 (webtiles) character file.

1079 musteatbrain the Brawler (level 8, -2/74 HPs)
             Began as a Troll Monk on Oct 15, 2015.
             Was an Elder of Jiyva.
             Slain by a demonic crawler (8 damage)
             ... in the Dungeon (Sprint I: "Red Sonja").
             The game lasted 00:06:21 (509 turns).

musteatbrain the Brawler (Troll Monk)                Turns: 509, Time: 00:06:21

Health: -2/74      AC:  5    Str: 20    XL:     8   Next: 8%
Magic:  3/3        EV: 10    Int:  6    God:    Jiyva [****..]
Gold:   170        SH:  0    Dex: 14    Spells: 0 memorised, 7 levels left

rFire  . . .     SeeInvis .       - Unarmed
rCold  . . .     Clarity  .     a - +0 robe
rNeg   . . .     SustAb   .     (shield restricted)
rPois  .         Gourm    +     (helmet restricted)
rElec  .         Spirit   .     (no cloak)
rCorr  +         Warding  .     (gloves unavailable)
rMut   .         NoTele   +     (boots unavailable)
MR     .....                    (no amulet)
Stlth  ++........               (no ring)
                                (no ring)

@: very slightly contaminated, hasted, very quick, not resistant to hostile
enchantments, unstealthy
A: unfitting armour, claws 3, fast metabolism 3, gourmand, regeneration 2,
shaggy fur 1, tough skin 2, wild magic 1
a: Request Jelly, Jelly Paralyse, Slimify, Renounce Religion


You were in the Dungeon.
You worshipped Jiyva.
Jiyva was greatly pleased with you.
You were not hungry.

You visited 1 branch You collected 170 gold pieces.

Inventory:

Armour
 a - a +0 robe (worn)
Magical devices
 c - a wand of digging (11)
Scrolls
 h - a scroll of blinking
Potions
 d - a potion of cancellation
 f - 2 potions of magic
Comestibles
 b - 2 meat rations
 g - 5 chunks of flesh


   Skills:
 - Level 2.4 Fighting
 - Level 2.4 Dodging
 - Level 1.1 Stealth
 + Level 16.9 Unarmed Combat


You had 7 spell levels left.
You didn't know any spells.

Dungeon Overview and Level Annotations

Branches:
Dungeon (1/1)

Altars:
Cheibriados
Dithmenos
Elyvilon
Fedhas
Gozag
Kikubaaqudgha
Makhleb
Nemelex Xobeh
Okawaru
Qazlal
Ru
Sif Muna
Trog
Vehumet
Xom
Yredelemnul
Zin
The Shining One
Jiyva

Shops:
D [


Innate Abilities, Weirdness & Mutations

You are too large for most types of armour.
You have claws for hands.
Your metabolism is lightning-fast.
You like to eat raw meat.
You heal very quickly.
You are covered in fur (AC +1).
You have very tough skin (AC +2).
Your spells are a little harder to cast, but a little more powerful.


Message History

The demonic crawler hits you but does no damage.
There is an open door here.
You scratch the demonic crawler but do no damage.
The demonic crawler is heavily wounded.
The demonic crawler hits you!
* * * LOW HITPOINT WARNING * * *
The demonic crawler closely misses you. The demonic crawler barely misses you.
You are too injured to fight recklessly!
You mangle the demonic crawler!!
The demonic crawler is moderately wounded.
You barely miss the demonic crawler.
The demonic crawler is moderately wounded.
The demonic crawler barely misses you. The demonic crawler closely misses you.
The demonic crawler hits you.
* * * LOW HITPOINT WARNING * * *
You scratch the demonic crawler.
The demonic crawler is moderately wounded.
The demonic crawler hits you but does no damage. x2
The demonic crawler hits you!
You die...

###################
#<.#..').#..'..#__#
#.@sss#..')s#..'^..
#..#####'#####'#__#
#..####..# #§####
#..#__#### ##§#≈≈≈
#..#_..__##+#.§§§≈≈
#⌠⌠#_.∩...÷..._#≈§§
####_..._##_.#'##+#
#_____###+#)#
####### ###


You could see 3 demonic crawlers.

Vanquished Creatures
  2 kobold demonologists (D)
  A slime creature (D)
  A yak (D)
  An ogre (D)
  Sigmund (D)
  A jelly (D)
  Ijyb (D)
8 creatures vanquished.

Vanquished Creatures (others)
  A gargoyle (D)
  2 jellies (D)
3 creatures vanquished.

Grand Total: 11 creatures vanquished

Notes
Turn   | Place    | Note
--------------------------------------------------------------
     0 | D        | musteatbrain, the Troll Monk, began the quest for the Orb.
     0 | D        | Reached XP level 1. HP: 22/22 MP: 1/1
     1 | D        | Noticed Ijyb
    21 | D        | Killed Ijyb
    21 | D        | Reached skill level 6 in Unarmed Combat
    21 | D        | Reached XP level 2. HP: 18/29 MP: 1/1
    43 | D        | Noticed an ogre
    50 | D        | Killed an ogre
    50 | D        | Reached skill level 10 in Unarmed Combat
    50 | D        | Reached XP level 3. HP: 3/36 MP: 2/2
    50 | D        | Reached XP level 4. HP: 3/44 MP: 2/2
   239 | D        | Noticed Sigmund
   248 | D        | Killed Sigmund
   248 | D        | Reached skill level 11 in Unarmed Combat
   248 | D        | Reached XP level 5. HP: 42/50 MP: 2/2
   261 | D        | Found a snail-covered altar of Cheibriados.
   261 | D        | Found a viscous altar of Jiyva.
   261 | D        | Found a shadowy altar of Dithmenos.
   261 | D        | Found a blossoming altar of Fedhas.
   261 | D        | Noticed a slime creature
   267 | D        | Killed a slime creature
   267 | D        | Reached skill level 13 in Unarmed Combat
   267 | D        | Reached XP level 6. HP: 59/59 MP: 3/3
   273 | D        | Killed a gargoyle
   306 | D        | Found a deep blue altar of Sif Muna.
   307 | D        | Noticed a jelly
   308 | D        | Found a radiant altar of Vehumet.
   313 | D        | Killed a jelly
   313 | D        | Reached skill level 14 in Unarmed Combat
   325 | D        | Found Strog's Antique Armour Emporium.
   325 | D        | Found a white marble altar of Elyvilon.
   325 | D        | Found a stormy altar of Qazlal.
   325 | D        | Found a burning altar of Makhleb.
   325 | D        | Found a sacrificial altar of Ru.
   325 | D        | Found a basalt altar of Yredelemnul.
   325 | D        | Found a glowing golden altar of the Shining One.
   325 | D        | Found a sparkling altar of Nemelex Xobeh.
   325 | D        | Found a shimmering altar of Xom.
   325 | D        | Found an opulent altar of Gozag.
   325 | D        | Found an ancient bone altar of Kikubaaqudgha.
   325 | D        | Found a glowing silver altar of Zin.
   325 | D        | Noticed a yak
   328 | D        | Killed a yak
   328 | D        | Reached XP level 7. HP: 64/66 MP: 3/3
   329 | D        | Found an iron altar of Okawaru.
   330 | D        | Found a bloodstained altar of Trog.
   403 | D        | Became a worshipper of Jiyva Jettoma the Shapeless
   403 | D        | Acquired Jiyva's first power
   403 | D        | Acquired Jiyva's second power
   431 | D        | Noticed a centaur warrior
   431 | D        | Noticed a centaur warrior
   437 | D        | Noticed a kobold demonologist
   452 | D        | Killed a kobold demonologist
   452 | D        | Reached skill level 16 in Unarmed Combat
   453 | D        | Noticed a kobold demonologist
   463 | D        | Killed a kobold demonologist
   463 | D        | Reached XP level 8. HP: 66/74 MP: 3/3
   467 | D        | Gained mutation: Your spells are a little harder to cast, but a little more powerful. [Jiyva's grace]
   469 | D        | Acquired Jiyva's third power
   471 | D        | Noticed a demonic crawler
   471 | D        | Noticed a demonic crawler
   471 | D        | Noticed a demonic crawler
   471 | D        | Noticed a demonic crawler
   509 | D        | Slain by a demonic crawler

Action                   |  1- 3 |  4- 6 |  7- 9 || total
-------------------------+-------+-------+-------++-------
Melee: Unarmed           |    25 |    15 |    27 ||    67
  Use: Potion            |       |     3 |     2 ||     5
  Eat: Chunk             |     1 |       |     1 ||     2
